 Dungeon Crawl Stone Soup version 0.31-a0-819-gf6de2f5ab6 (webtiles) character file.

Game seed: 5174336236483551244

134992 qw the Marksgargoyle (level 17, -11/118 HPs)
             Began as a Gargoyle Hunter on Sept 23, 2023.
             Was a High Priest of Okawaru.
             Mangled by a naga warrior
             ... wielding a +0 war axe
              (12 damage)
             ... on level 3 of the Snake Pit.
             The game lasted 00:13:51 (26301 turns).

qw the Marksgargoyle (Gargoyle Hunter)             Turns: 26301, Time: 00:13:52

Health: -11/118    AC: 31    Str: 18    XL:     17   Next: 18%
Magic:  24/24      EV: 27    Int: 11    God:    Okawaru [*****.]
Gold:   327        SH:  0    Dex: 22    Spells: 16/16 levels left

rFire   + . .        A - +5 longbow of the Puffball {flame, rN+ Str+2}
rCold   + + .        (shield currently unavailable)
rNeg    + + +        f - +2 robe {rC+ rF+}
rPois   inf          u - +1 helmet of Moemonk {Contam rPois rC+ rN++}
rElec   +            x - +0 cloak of Ravioli {rCorr Dex+3 Stlth+}
rCorr   +            n - +2 pair of gloves {hurl}
SInv    .            s - +0 pair of boots
Will    +....        (no amulet)
Stlth   +++++        w - +4 ring of protection
HPRegen 0.39/turn    j - +5 ring of evasion
MPRegen 0.19/turn

%: no passive effects
@: heroic, flying, slowed, constricted, very slow
A: sickness immunity, AC +12, big wings, negative energy resistance 1,
electricity resistance, torment resistance 1, petrification resistance
a: Renounce Religion, Heroism, Finesse, Duel


You were on level 3 of the Snake Pit.
You worshipped Okawaru.
Okawaru was extremely pleased with you.
You visited 5 branches of the dungeon, and saw 26 of its levels.

You collected 2600 gold pieces.
You spent 2273 gold pieces at shops.


Innate Abilities, Weirdness & Mutations

You are immune to sickness and miasma.
Your stone body is resilient. (AC +12)
You are immune to poison.
Your large and strong wings let you fly.
You resist negative energy. (rN+)
You are resistant to electric shocks. (rElec)
You are resistant to unholy torment.
You are immune to petrification.


   Skills:
 + Level 17.6(22.6) Fighting
 - Level 20.0(25.0) Ranged Weapons
 - Level 8.0(13.0) Armour
 - Level 11.0(16.0) Dodging
 - Level 1.1(6.1) Stealth
 - Level 10.0 Invocations


You had 16 spell levels left.
You didn't know any spells.
Your spell library was empty.

Inventory:

Hand Weapons
 A - the +5 longbow of the Puffball (weapon) {flame, rN+ Str+2}
   (You bought it in a shop on level 2 of the Orcish Mines)

   Str+2:     It affects your strength (+2).
   rN+:       It protects you from negative energy.
Armour
 f - a +2 robe of resistance (worn)
 h - a +2 leather armour of fire resistance
 n - a +2 pair of gloves of hurling (worn)
 o - the +2 cloak "Vifu" {Fly Slay+2}
   (You found it on level 7 of the Dungeon)

   Slay+2:    It affects your accuracy & damage with ranged weapons and melee
   (+2).
   Fly:       It grants you flight.
 s - a +0 pair of boots (worn)
 u - the +1 helmet of Moemonk (worn) {Contam rPois rC+ rN++}
   (You acquired it on level 1 of the Snake Pit)

   rC+:       It protects you from cold.
   rPois:     It protects you from poison rN++: It greatly protects you from
   negative energy.
   Contam:    It causes magical contamination when unequipped.
 x - the +0 cloak of Ravioli (worn) {rCorr Dex+3 Stlth+}
   (You found it on level 14 of the Dungeon)

   Dex+3:     It affects your dexterity (+3).
   rCorr:     It protects you from acid and corrosion.
   Stlth+:    It makes you more stealthy.
Jewellery
 d - a ring of fire
 j - a +5 ring of evasion (right hand)
 q - the ring "Lulus" {Fire +Blink rElec rCorr Stlth-}
   (You found it on level 2 of the Dungeon)

   [ring of fire]

   Fire:      It enhances your fire magic.
   rF+:       It protects you from fire.
   rC-:       It makes you vulnerable to cold.
   rElec:     It insulates you from electricity.
   +Blink:    It lets you blink.
   rCorr:     It protects you from acid and corrosion.
   Stlth-:    It makes you less stealthy.
 w - a +4 ring of protection (left hand)
Wands
 t - a wand of digging (5)
Scrolls
 b - 10 scrolls of identify
 y - 2 scrolls of enchant weapon
Potions
 a - 4 potions of mutation
 c - 4 potions of might
 g - 5 potions of haste
 i - a potion of resistance
 k - 3 potions of enlightenment
 m - 3 potions of magic
 p - 8 potions of curing
 v - 3 potions of cancellation

Dungeon Overview and Level Annotations

Branches:
Dungeon (15/15)            Temple (1/1) D:4            Lair (5/5) D:9
  Swamp (0/4) Lair:2        Snake (3/4) Lair:3        Slime (0/5) Lair:5
    Orc (2/2) D:12            Elf (0/3) Orc:2        Vaults (0/5) D:14
 Depths (0/4) D:15

Altars:
Ashenzari
Cheibriados
Dithmenos
Elyvilon
Fedhas
Gozag
Hepliaklqana
Kikubaaqudgha
Makhleb
Nemelex Xobeh
Okawaru
Qazlal
Ru
Sif Muna
Trog
Uskayaw
Vehumet
Wu Jian
Xom
Yredelemnul
Zin
The Shining One
Jiyva

Shops:
D:13 (   Orc:2 (*(!   Snake:1 ?=(   Snake:3 (

Annotations:
Snake:1 6 transporters


Message History

You kill the naga warrior!
Okawaru accepts your kill. Okawaru grants you throwing weapons!
Something appears at your feet!
The guardian serpent coils itself and waves its upper body at you.
You feel yourself slow down. The naga mage spits poison at you.
The splash of poison misses you.
The splash of poison hits the naga warrior but does no damage.
The naga warrior hits you with a +0 war axe!!
The naga warrior grabs you. The naga warrior constricts you.
You shoot an arrow. The arrow hits the naga warrior!!!
The arrow burns the naga warrior.
The naga warrior is severely wounded.
The guardian serpent misses you. The naga mage completely misses you.
The guardian serpent completely misses you.
The naga mage misses you. The naga warrior spits poison at you.
The splash of poison hits you but does no damage.
You resist. The naga warrior constricts you.
The naga warrior barely misses you. The naga spits poison at you.
The splash of poison hits you but does no damage.
You resist.
You shoot an arrow. The arrow hits the naga warrior.
The arrow burns the naga warrior.
The naga warrior is severely wounded.
The guardian serpent hits you! The naga mage hits you with a +0 flail.
The naga warrior hits you but does no damage.
The naga warrior barely misses you. The naga warrior constricts you.
The naga closely misses you.
The guardian serpent completely misses you.
The naga mage spits poison at you. The splash of poison misses you.
The splash of poison misses the naga warrior.
You shoot an arrow. The arrow hits the naga warrior!!
The arrow burns the naga warrior.
The naga warrior is almost dead.
The guardian serpent hits you but does no damage.
The naga mage completely misses you.
The naga warrior hits you with a +0 war axe!
You die...

#...)....} #.........
##........ #......(.
#........ #####........ #
#............ .N #######
###.......... 7.7N7
#..N@N## #..........
..N...#..NSN.## #..........
N.N...'..^N...###..##......
......#............###.....
7.7.7 #.............##..##.
.. #.........#.......### ##
#.........#.......###
....................#.
.#####..>..............


You could see 2 naga warriors, a guardian serpent, a naga mage (fast, strong,
catching breath) and 2 nagas.

Vanquished Creatures
  Vashnia (Snake:3)
  Rupert (D:14)
  Kirke (Lair:2)
  Roxanne (D:14)
  2 nagarajas (Snake:3)
  2 fire giants (D:14)
  An ironbound preserver (D:14)
  Azrael (Orc:2)
  An ettin (D:14)
  A fire dragon (D:14)
  A great orb of eyes (D:15)
  Erolcha (Orc:1)
  4 hydras
  Harold (Orc:1)
  A ghost crab (Lair:2)
  3 catoblepae
  A rakshasa (D:15)
  An ogre mage (D:15)
  5 centaur warriors
  3 boulder beetles
  6 anacondas
  6 two-headed ogres
  A death knight (D:13)
  4 orc high priests (Orc:2)
  6 shock serpents (Snake:2)
  4 naga warriors
  9 naga sharpshooters
  Sonja (D:12)
  A skeletal warrior (D:14)
  A salamander mystic (Snake:3)
  2 sea snakes (Snake:2)
  2 naga ritualists
  3 spriggan simulacra (D:15)
  A wizard (D:15)
  4 deep elf pyromancers
  Pikel (D:5)
  2 orc knights
  9 mana vipers
  A wolf spider (shapeshifter) (D:15)
  4 orc sorcerers
  8 ugly things
  4 manticores
  12 cyclopes
  6 salamanders
  7 naga magi
  14 elephants (Lair:5)
  23 black mambas
  2 unseen horrors
  Jeremiah (D:6)
  2 gargoyles (D:12)
  12 cane toads
  An efreet (D:14)
  2 kobold demonologists (D:12)
  3 rime drakes
  9 komodo dragons
  A tengu conjurer (D:14)
  2 freezing wraiths (D:13)
  A meliai (D:14)
  14 polar bears
  2 trolls
  Grinder (D:5)
  13 blink frogs
  8 hornets
  A spectral elephant (Lair:2)
  8 dream sheep (Lair:5)
  4 slime creatures (D:15)
  A spectral black mamba (Lair:2)
  5 wyverns
  38 yaks
  A dire elephant simulacrum (D:15)
  3 shadows
  A culicivora (shapeshifter) (D:14)
  13 spriggans (Lair:5)
  3 hogs (Lair:3)
  6 wraiths
  2 fire elementals (Orc:2)
  2 minotaur simulacra (D:15)
  A steam dragon (D:7)
  10 vampire mosquitoes
  3 basilisks
  A warg (Orc:2)
  A spectral cane toad (Lair:2)
  A harpy simulacrum (D:15)
  20 nagas
  An acid dragon (D:9)
  6 hell hounds (Orc:2)
  Duvessa (D:5)
  11 water moccasins
  21 orc warriors
  2 sky beasts
  6 black bears
  4 ice beasts
  5 ogres
  15 centaurs
  34 wolves
  3 boggarts (Lair:5)
  A phantom (D:5)
  A lemure (D:5)
  3 kobold brigands
  10 bullfrogs
  2 gnoll sergeants
  3 scorpions
  12 wights
  Dowan (D:5)
  9 killer bees
  A lindwurm simulacrum (D:15)
  5 electric eels
  3 howler monkeys (D:10)
  5 lava snakes
  5 hounds
  28 orc priests
  A jelly (D:5)
  A gnoll bouda (D:7)
  Ijyb (D:3)
  A sleepcap (D:6)
  6 iguanas
  28 orc wizards
  4 hell rats (Lair:5)
  15 gnolls
  8 adders
  A shadow imp (D:8)
  A white imp (D:5)
  3 ufetubi
  2 worms
  4 dart slugs
  74 orcs
  5 bats
  4 endoplasms
  4 giant cockroaches
  5 goblins
  7 hobgoblins
  2 jackals (D:3)
  6 quokkas
  4 ball pythons
  A frilled lizard (D:2)
  27 kobolds
  4 rats
791 creatures vanquished.

Vanquished Creatures (others)
  A gnoll sergeant (D:13)
  An orc priest (Orc:2)
  2 orc wizards (Orc:2)
  A gnoll (D:13)
  An orc (Orc:2)
6 creatures vanquished.

Grand Total: 797 creatures vanquished

Notes
Turn   | Place    | Note
-------+----------+-------------------------------------------
     0 | D:1      | qw the Gargoyle Hunter began the quest for the Orb.
     0 | D:1      | Reached XP level 1. HP: 12/12 MP: 1/1
     0 | D:1      | 0 ||| qw: Version: 0.3-a-83-gcd0e7d8
     0 | D:1      | 0 ||| qw: Game counter: 1739
     0 | D:1      | 0 ||| qw: Melee chars always use a shield: true
     0 | D:1      | 0 ||| qw: God list: Okawaru
     0 | D:1      | 0 ||| qw: Allow faded altars: false
     0 | D:1      | 0 ||| qw: Do Orc after clearing Dungeon:15 true
     0 | D:1      | 0 ||| qw: Do second Lair branch before Depths: true
     0 | D:1      | 0 ||| qw: Lair rune preference: random
     0 | D:1      | 0 ||| qw: Goals: Normal
     0 | D:1      | 0 ||| PLANNING D:1-11
   231 | D:1      | Reached XP level 2. HP: 17/17 MP: 2/2
   916 | D:1      | 916 ||| DROPPING scarf of shadows.
   917 | D:1      | 917 ||| UPGRADING to +0 cloak.
   922 | D:1      | 922 ||| READING scroll labelled FACILU XIZORPHU.
   923 | D:1      | 923 ||| READING scroll labelled IMATRILLOE.
   924 | D:1      | 924 ||| READING 2 scrolls labelled SOOFOY WUOVAGI.
   929 | D:1      | 929 ||| READING scroll labelled ZIBE GUPOYJE.
   930 | D:1      | 930 ||| DRINKING 2 brown potions.
   931 | D:1      | 931 ||| DRINKING 2 sedimented sapphire potions.
   932 | D:1      | 932 ||| DRINKING potion of curing.
   932 | D:1      | 932 ||| (to cure confusion)
   933 | D:1      | 933 ||| DROPPING scroll of butterflies.
   934 | D:1      | 934 ||| DROPPING potion of ambrosia.
  1016 | D:2      | Reached XP level 3. HP: 13/21 MP: 3/3
  1018 | D:2      | Reached skill level 5 in Ranged Weapons
  1295 | D:2      | Identified the ring "Lulus" {Fire +Blink rElec rCorr
                  | Stlth-}
  1361 | D:2      | Identified the +1 dagger "Limin" {heavy, rElec rF+++ SInv}
  1364 | D:2      | Identified the +0 robe "Soorr" {rC+ MP+9}
  1569 | D:2      | Reached skill level 3 in Fighting
  1569 | D:2      | Reached XP level 4. HP: 28/28 MP: 4/4
  1766 | D:2      | 1766 ||| UPGRADING to +0 ring mail.
  1776 | D:2      | 1776 ||| DROPPING +0 leather armour.
  1777 | D:2      | 1777 ||| UPGRADING to +0 robe "Soorr" {rC+ MP+9}.
  1857 | D:2      | 1857 ||| UPGRADING to ring "Lulus" {Fire +Blink rElec rCorr
                  | Stlth-}.
  1858 | D:2      | 1858 ||| READING scroll labelled ODYFRYE ZYTH.
  1859 | D:2      | 1859 ||| DRINKING 2 silvery potions.
  1860 | D:2      | 1860 ||| DROPPING potion of brilliance.
  2022 | D:3      | Noticed a scorpion
  2030 | D:3      | Killed a scorpion
  2031 | D:3      | Reached skill level 6 in Ranged Weapons
  2031 | D:3      | Reached XP level 5. HP: 22/32 MP: 5/5
  2108 | D:3      | Noticed Ijyb
  2133 | D:3      | Killed Ijyb
  2338 | D:3      | Found a hide-covered altar of Uskayaw.
  2590 | D:3      | 2590 ||| UPGRADING to +0 helmet.
  2595 | D:3      | 2595 ||| READING scroll labelled ZUWIEBR KIEMU.
  2595 | D:3      | Identified a scroll of acquirement
  2595 | D:3      | 2595 ||| ACQUIRING +0 arbalest of draining
  2595 | D:3      | Acquired a +0 arbalest of draining
  2597 | D:3      | 2597 ||| SWAPPING to +0 arbalest of draining.
  2598 | D:3      | 2598 ||| DROPPING +0 shortbow.
  2599 | D:3      | 2599 ||| READING scroll labelled VEONUO URIL.
  2600 | D:3      | 2600 ||| DRINKING 2 dark potions.
  2640 | D:4      | Found an ancient bone altar of Kikubaaqudgha.
  2798 | D:4      | Found a staircase to the Ecumenical Temple.
  2799 | D:4      | 2799 ||| PLANNING TEMPLE
  2799 | D:4      | 2799 ||| READING scroll labelled HUPSIS REON.
  2808 | Temple   | Entered the Ecumenical Temple
  2809 | Temple   | 2809 ||| PLANNING OKAWARU WORSHIP
  2827 | Temple   | Became a worshipper of Warmaster Okawaru
  2828 | Temple   | 2828 ||| PLANNING D:1-11
  2917 | D:4      | Reached skill level 1 in Armour
  3088 | D:4      | Reached XP level 6. HP: 38/38 MP: 6/6
  3422 | D:4      | 3422 ||| DROPPING scarf of invisibility.
  3423 | D:4      | 3423 ||| READING 2 scrolls of identify.
  3423 | D:4      | 3423 ||| IDENTIFYING golden potion
  3460 | D:5      | Entered Level 5 of the Dungeon
  3535 | D:5      | Noticed a water moccasin
  3543 | D:5      | Killed a water moccasin
  3544 | D:5      | Reached skill level 7 in Ranged Weapons
  3544 | D:5      | Reached XP level 7. HP: 34/43 MP: 7/7
  3892 | D:5      | Noticed Duvessa
  3892 | D:5      | Noticed Dowan
  3894 | D:5      | Killed Dowan
  3895 | D:5      | Reached skill level 8 in Ranged Weapons
  3899 | D:5      | Killed Duvessa
  3982 | D:5      | Reached * piety under Okawaru
  4112 | D:5      | Noticed Pikel
  4113 | D:5      | 4113 ||| INVOKING Heroism.
  4129 | D:5      | 4129 ||| INVOKING Heroism.
  4131 | D:5      | Killed Pikel
  4132 | D:5      | Reached skill level 9 in Ranged Weapons
  4132 | D:5      | Reached XP level 8. HP: 20/49 MP: 8/8
  4320 | D:5      | Reached skill level 1 in Invocations
  4332 | D:5      | Reached ** piety under Okawaru
  4340 | D:5      | Identified the +0 plate armour of Weightlessness {Fly}
  4417 | D:5      | Noticed Grinder
  4418 | D:5      | 4418 ||| INVOKING Heroism.
  4424 | D:5      | Paralysed by Grinder for 3 turns
  4430 | D:5      | Killed Grinder
  4431 | D:5      | Reached skill level 6 in Fighting
  4431 | D:5      | Reached skill level 3 in Invocations
  4431 | D:5      | Reached XP level 9. HP: 38/56 MP: 11/11
  4570 | D:5      | 4570 ||| READING 2 scrolls of identify.
  4570 | D:5      | 4570 ||| IDENTIFYING bubbling amethyst potion
  4599 | D:6      | 4599 ||| STAIRDANCE
  4616 | D:6      | 4616 ||| STAIRDANCE
  4678 | D:6      | 4678 ||| STAIRDANCE
  4691 | D:6      | 4691 ||| STAIRDANCE
  4722 | D:6      | Found a basalt altar of Yredelemnul.
  4728 | D:6      | Reached skill level 10 in Ranged Weapons
  4753 | D:6      | 4753 ||| INVOKING Heroism.
  4960 | D:6      | Reached skill level 3 in Dodging
  5170 | D:6      | Noticed Jeremiah
  5172 | D:6      | 5172 ||| INVOKING Heroism.
  5181 | D:6      | Killed Jeremiah
  5263 | D:6      | Found a shadowy altar of Dithmenos.
  5266 | D:6      | Found a burning altar of Makhleb.
  5416 | D:6      | 5416 ||| INVOKING Heroism.
  5517 | D:6      | 5517 ||| READING 2 scrolls of identify.
  5517 | D:6      | 5517 ||| IDENTIFYING fuming orange potion
  5518 | D:6      | 5518 ||| DROPPING potion of lignification.
  5582 | D:7      | Reached *** piety under Okawaru
  5644 | D:7      | 5644 ||| INVOKING Heroism.
  5663 | D:7      | Reached skill level 11 in Ranged Weapons
  5740 | D:7      | 5740 ||| INVOKING Heroism.
  5890 | D:7      | Reached XP level 10. HP: 64/64 MP: 13/13
  6105 | D:7      | 6105 ||| RETREEAATING.
  6107 | D:7      | 6107 ||| Stepping ~*~*~tactically~*~*~ (retreating).
  6108 | D:7      | 6108 ||| INVOKING Heroism.
  6170 | D:7      | Identified the +2 cloak "Vifu" {Fly Slay+2}
  6231 | D:7      | 6231 ||| UPGRADING to +2 cloak "Vifu" {Fly Slay+2}.
  6241 | D:7      | 6241 ||| DROPPING +0 cloak.
  6242 | D:7      | 6242 ||| READING scroll labelled VICOER XIDE.
  6243 | D:7      | 6243 ||| DRINKING 2 fuming purple potions.
  6306 | D:8      | Found a sacrificial altar of Ru.
  6338 | D:8      | 6338 ||| INVOKING Heroism.
  6425 | D:8      | 6425 ||| FLEEEEING.
  6428 | D:8      | 6428 ||| FLEEEEING.
  6429 | D:8      | 6429 ||| FLEEEEING.
  6431 | D:8      | 6431 ||| FLEEEEING.
  6432 | D:8      | 6432 ||| FLEEEEING.
  6434 | D:8      | 6434 ||| FLEEEEING.
  6435 | D:8      | 6435 ||| FLEEEEING.
  6439 | D:8      | Reached skill level 12 in Ranged Weapons
  6443 | D:8      | 6443 ||| FLEEEEING.
  6546 | D:8      | 6546 ||| INVOKING Heroism.
  6779 | D:8      | 6779 ||| RETREEAATING.
  6781 | D:8      | 6781 ||| Stepping ~*~*~tactically~*~*~ (retreating).
  7187 | D:8      | 7187 ||| DROPPING amulet of magic regeneration.
  7188 | D:8      | 7188 ||| READING scroll labelled VOULURYFAH.
  7189 | D:8      | 7189 ||| READING scroll labelled WOSHRAUWYUS.
  7190 | D:8      | 7190 ||| READING 3 scrolls of identify.
  7190 | D:8      | 7190 ||| IDENTIFYING white potion
  7191 | D:8      | 7191 ||| READING 2 scrolls of identify.
  7191 | D:8      | 7191 ||| IDENTIFYING fizzy brown potion
  7216 | D:9      | Noticed a two-headed ogre
  7217 | D:9      | 7217 ||| INVOKING Heroism.
  7219 | D:9      | Killed a two-headed ogre
  7219 | D:9      | Reached **** piety under Okawaru
  7220 | D:9      | 7220 ||| STAIRDANCE
  7368 | D:9      | 7368 ||| RETREEAATING.
  7378 | D:9      | 7378 ||| INVOKING Heroism.
  7398 | D:9      | Reached skill level 13 in Ranged Weapons
  7403 | D:9      | 7403 ||| INVOKING Heroism.
  7582 | D:9      | Reached XP level 11. HP: 69/69 MP: 15/15
  7607 | D:9      | 7607 ||| INVOKING Heroism.
  7631 | D:9      | Reached skill level 9 in Fighting
  7652 | D:9      | 7652 ||| INVOKING Heroism.
  7780 | D:9      | Found a broken altar of Ashenzari.
  7879 | D:9      | Noticed a cyclops
  7880 | D:9      | 7880 ||| INVOKING Heroism.
  7882 | D:9      | Killed a cyclops
  7935 | D:9      | 7935 ||| Stepping ~*~*~tactically~*~*~ (retreating).
  7937 | D:9      | 7937 ||| Stepping ~*~*~tactically~*~*~ (retreating).
  7938 | D:9      | 7938 ||| RETREEAATING.
  7940 | D:9      | 7940 ||| Stepping ~*~*~tactically~*~*~ (retreating).
  7942 | D:9      | 7942 ||| Stepping ~*~*~tactically~*~*~ (retreating).
  7943 | D:9      | 7943 ||| FLEEEEING.
  7944 | D:9      | 7944 ||| FLEEEEING.
  7946 | D:9      | 7946 ||| FLEEEEING.
  7947 | D:9      | 7947 ||| FLEEEEING.
  7948 | D:9      | 7948 ||| FLEEEEING.
  7949 | D:9      | 7949 ||| RETREEAATING.
  7950 | D:9      | 7950 ||| FLEEEEING.
  7951 | D:9      | 7951 ||| STILL RETREEAATING.
  7954 | D:9      | Reached skill level 6 in Invocations
  8155 | D:9      | Found a staircase to the Lair.
  8181 | D:9      | 8181 ||| PLANNING LAIR
  8181 | D:9      | 8181 ||| UPGRADING to +0 pair of gloves.
  8186 | D:9      | 8186 ||| UPGRADING to +5 ring of evasion.
  8187 | D:9      | 8187 ||| READING 2 scrolls of identify.
  8187 | D:9      | 8187 ||| IDENTIFYING sapphire potion
  8203 | Lair:1   | Entered Level 1 of the Lair of Beasts
  8204 | Lair:1   | 8204 ||| INVOKING Heroism.
  8205 | Lair:1   | 8205 ||| STAIRDANCE
  8217 | Lair:1   | 8217 ||| STAIRDANCE
  8243 | Lair:1   | 8243 ||| INVOKING Heroism.
  8244 | Lair:1   | 8244 ||| STAIRDANCE
  8261 | Lair:1   | 8261 ||| STAIRDANCE
  8301 | D:9      | 8301 ||| INVOKING Heroism.
  8324 | Lair:1   | 8324 ||| STAIRDANCE
  8336 | D:9      | Reached skill level 14 in Ranged Weapons
  8348 | D:9      | Reached ***** piety under Okawaru
  8484 | Lair:1   | 8484 ||| STAIRDANCE
  8486 | D:9      | 8486 ||| INVOKING Heroism.
  8495 | D:9      | Reached skill level 3 in Armour
  8554 | Lair:1   | 8554 ||| INVOKING Heroism.
  8562 | Lair:1   | 8562 ||| STAIRDANCE
  8681 | Lair:1   | 8681 ||| INVOKING Heroism.
  8681 | Lair:1   | Noticed a catoblepas
  8682 | Lair:1   | 8682 ||| RETREEAATING.
  8684 | Lair:1   | 8684 ||| STILL RETREEAATING.
  8685 | Lair:1   | 8685 ||| STILL RETREEAATING.
  8686 | Lair:1   | 8686 ||| STILL RETREEAATING.
  8687 | Lair:1   | 8687 ||| STILL RETREEAATING.
  8696 | Lair:1   | 8696 ||| INVOKING Finesse.
  8707 | Lair:1   | Killed a catoblepas
  8866 | Lair:1   | 8866 ||| INVOKING Heroism.
  8873 | Lair:1   | Reached skill level 9 in Invocations
  8873 | Lair:1   | Reached XP level 12. HP: 70/77 MP: 18/18
  9001 | Lair:1   | 9001 ||| INVOKING Heroism.
  9042 | Lair:1   | 9042 ||| INVOKING Heroism.
  9134 | Lair:1   | 9134 ||| INVOKING Heroism.
  9261 | Lair:1   | 9261 ||| INVOKING Heroism.
  9295 | Lair:1   | 9295 ||| INVOKING Heroism.
  9568 | Lair:1   | 9568 ||| UPGRADING to +0 pair of boots.
  9590 | Lair:1   | 9590 ||| INVOKING Heroism.
  9875 | Lair:2   | 9875 ||| INVOKING Heroism.
 10102 | Lair:2   | Found a staircase to the Swamp.
 10102 | Lair:2   | Noticed a ghost crab
 10105 | Lair:2   | 10105 ||| RETREEAATING.
 10106 | Lair:2   | 10106 ||| STILL RETREEAATING.
 10109 | Lair:2   | 10109 ||| INVOKING Heroism.
 10118 | Lair:2   | HP: 15/77 [spectral eight-headed hydra[a ghost crab] (5)]
 10119 | Lair:2   | 10119 ||| READING 6 scrolls of teleportation.
 10119 | Lair:2   | HP: 5/77 [spectral eight-headed hydra[a ghost crab] (4)]
 10120 | Lair:2   | 10120 ||| DRINKING potion of heal wounds.
 10125 | Lair:2   | Reached skill level 15 in Ranged Weapons
 10678 | Lair:2   | 10678 ||| RETREEAATING.
 10679 | Lair:2   | 10679 ||| INVOKING Heroism.
 10685 | Lair:2   | Killed a ghost crab
 10686 | Lair:2   | 10686 ||| Stepping ~*~*~tactically~*~*~ (cloud).
 10951 | Lair:3   | 10951 ||| INVOKING Heroism.
 10969 | Lair:3   | Identified the +10 dagger "Spiderslayer" {freeze, SInv}
 11083 | Lair:3   | 11083 ||| RETREEAATING.
 11084 | Lair:3   | 11084 ||| STILL RETREEAATING.
 11086 | Lair:3   | 11086 ||| STILL RETREEAATING.
 11087 | Lair:3   | 11087 ||| STILL RETREEAATING.
 11089 | Lair:3   | 11089 ||| Stepping ~*~*~tactically~*~*~ (retreating).
 11090 | Lair:3   | 11090 ||| Stepping ~*~*~tactically~*~*~ (retreating).
 11122 | Lair:3   | Found a staircase to the Snake Pit.
 11224 | Lair:3   | Noticed Kirke
 11225 | Lair:3   | 11225 ||| RETREEAATING.
 11226 | Lair:3   | 11226 ||| STILL RETREEAATING.
 11227 | Lair:3   | 11227 ||| STILL RETREEAATING.
 11228 | Lair:3   | 11228 ||| STILL RETREEAATING.
 11229 | Lair:3   | 11229 ||| STILL RETREEAATING.
 11230 | Lair:3   | 11230 ||| RETREEAATING.
 11231 | Lair:3   | 11231 ||| STILL RETREEAATING.
 11232 | Lair:3   | 11232 ||| STILL RETREEAATING.
 11233 | Lair:3   | 11233 ||| STILL RETREEAATING.
 11234 | Lair:3   | 11234 ||| STILL RETREEAATING.
 11235 | Lair:3   | 11235 ||| STILL RETREEAATING.
 11236 | Lair:3   | 11236 ||| STILL RETREEAATING.
 11237 | Lair:3   | 11237 ||| STILL RETREEAATING.
 11238 | Lair:3   | 11238 ||| STILL RETREEAATING.
 11239 | Lair:3   | 11239 ||| FLEEEEING.
 11240 | Lair:3   | 11240 ||| READING 5 scrolls of teleportation.
 11241 | Lair:3   | 11241 ||| FLEEEEING.
 11242 | Lair:3   | 11242 ||| FLEEEEING.
 11243 | Lair:3   | 11243 ||| FLEEEEING.
 11391 | Lair:3   | Received a gift from Okawaru
 11711 | Lair:3   | 11711 ||| RETREEAATING.
 11712 | Lair:3   | 11712 ||| STILL RETREEAATING.
 11713 | Lair:3   | 11713 ||| STILL RETREEAATING.
 11754 | Lair:3   | 11754 ||| INVOKING Heroism.
 11755 | Lair:3   | 11755 ||| INVOKING Finesse.
 11761 | Lair:3   | 11761 ||| FLEEEEING.
 11762 | Lair:3   | 11762 ||| FLEEEEING.
 11763 | Lair:3   | 11763 ||| FLEEEEING.
 11764 | Lair:3   | 11764 ||| FLEEEEING.
 11765 | Lair:3   | 11765 ||| STAIRDANCE
 11843 | Lair:2   | 11843 ||| UPGRADING to ring of protection from cold.
 11845 | Lair:2   | 11845 ||| UPGRADING to +0 ring mail.
 11855 | Lair:2   | 11855 ||| UPGRADING to +0 robe of willpower.
 11865 | Lair:2   | 11865 ||| READING 3 scrolls of identify.
 11865 | Lair:2   | 11865 ||| IDENTIFYING bubbling pink potion
 11866 | Lair:2   | 11866 ||| READING 2 scrolls of identify.
 11866 | Lair:2   | 11866 ||| IDENTIFYING purple potion
 11867 | Lair:2   | 11867 ||| DROPPING potion of degeneration.
 11870 | Lair:3   | 11870 ||| INVOKING Heroism.
 11871 | Lair:3   | 11871 ||| INVOKING Finesse.
 11875 | Lair:3   | 11875 ||| STAIRDANCE
 11887 | Lair:2   | Killed Kirke
 11888 | Lair:2   | Reached skill level 16 in Ranged Weapons
 11888 | Lair:2   | Reached XP level 13. HP: 64/82 MP: 14/20
 12001 | Lair:4   | 12001 ||| INVOKING Heroism.
 12002 | Lair:4   | 12002 ||| STAIRDANCE
 12014 | Lair:4   | 12014 ||| STAIRDANCE
 12036 | Lair:4   | 12036 ||| INVOKING Heroism.
 12037 | Lair:4   | 12037 ||| STAIRDANCE
 12115 | Lair:4   | 12115 ||| INVOKING Heroism.
 12154 | Lair:4   | 12154 ||| INVOKING Heroism.
 12200 | Lair:4   | 12200 ||| INVOKING Heroism.
 12240 | Lair:4   | 12240 ||| INVOKING Heroism.
 12249 | Lair:4   | 12249 ||| RETREEAATING.
 12251 | Lair:4   | 12251 ||| STILL RETREEAATING.
 12252 | Lair:4   | 12252 ||| STILL RETREEAATING.
 12253 | Lair:4   | 12253 ||| Stepping ~*~*~tactically~*~*~ (retreating).
 12443 | Lair:4   | 12443 ||| INVOKING Heroism.
 12809 | Lair:5   | Entered Level 5 of the Lair of Beasts
 12838 | Lair:5   | 12838 ||| Stepping ~*~*~tactically~*~*~ (retreating).
 12839 | Lair:5   | 12839 ||| Stepping ~*~*~tactically~*~*~ (retreating).
 12840 | Lair:5   | 12840 ||| Stepping ~*~*~tactically~*~*~ (retreating).
 12841 | Lair:5   | 12841 ||| Stepping ~*~*~tactically~*~*~ (retreating).
 12842 | Lair:5   | 12842 ||| Stepping ~*~*~tactically~*~*~ (retreating).
 12846 | Lair:5   | 12846 ||| INVOKING Heroism.
 13021 | Lair:5   | 13021 ||| RETREEAATING.
 13023 | Lair:5   | 13023 ||| Stepping ~*~*~tactically~*~*~ (retreating).
 13043 | Lair:5   | 13043 ||| RETREEAATING.
 13050 | Lair:5   | 13050 ||| RETREEAATING.
 13057 | Lair:5   | 13057 ||| Stepping ~*~*~tactically~*~*~ (retreating).
 13097 | Lair:5   | Reached skill level 17 in Ranged Weapons
 13160 | Lair:5   | 13160 ||| RETREEAATING.
 13161 | Lair:5   | 13161 ||| STILL RETREEAATING.
 13162 | Lair:5   | 13162 ||| STILL RETREEAATING.
 13163 | Lair:5   | 13163 ||| Stepping ~*~*~tactically~*~*~ (retreating).
 13164 | Lair:5   | 13164 ||| Stepping ~*~*~tactically~*~*~ (retreating).
 13175 | Lair:5   | 13175 ||| INVOKING Heroism.
 13363 | Lair:5   | 13363 ||| RETREEAATING.
 13364 | Lair:5   | 13364 ||| STILL RETREEAATING.
 13365 | Lair:5   | 13365 ||| INVOKING Heroism.
 13376 | Lair:5   | HP: 20/84 [spriggan rider/+0 spear (7)]
 13377 | Lair:5   | 13377 ||| READING 6 scrolls of teleportation.
 13378 | Lair:5   | 13378 ||| DRINKING potion of heal wounds.
 13437 | Lair:5   | 13437 ||| FLEEEEING.
 13438 | Lair:5   | 13438 ||| STAIRDANCE
 13579 | Lair:5   | 13579 ||| Stepping ~*~*~tactically~*~*~ (retreating).
 13580 | Lair:5   | 13580 ||| Stepping ~*~*~tactically~*~*~ (retreating).
 13582 | Lair:5   | Reached skill level 6 in Dodging
 13592 | Lair:5   | 13592 ||| INVOKING Heroism.
 13596 | Lair:5   | 13596 ||| RETREEAATING.
 13597 | Lair:5   | 13597 ||| Stepping ~*~*~tactically~*~*~ (retreating).
 13598 | Lair:5   | 13598 ||| Stepping ~*~*~tactically~*~*~ (retreating).
 13599 | Lair:5   | 13599 ||| Stepping ~*~*~tactically~*~*~ (retreating).
 13600 | Lair:5   | 13600 ||| Stepping ~*~*~tactically~*~*~ (retreating).
 13601 | Lair:5   | 13601 ||| Stepping ~*~*~tactically~*~*~ (retreating).
 13602 | Lair:5   | 13602 ||| Stepping ~*~*~tactically~*~*~ (retreating).
 13620 | Lair:5   | 13620 ||| FLEEEEING.
 13621 | Lair:5   | 13621 ||| FLEEEEING.
 13623 | Lair:5   | 13623 ||| STAIRDANCE
 13769 | Lair:5   | 13769 ||| INVOKING Heroism.
 13772 | Lair:5   | 13772 ||| STAIRDANCE
 13798 | Lair:5   | Found a viscous altar of Jiyva.
 13799 | Lair:5   | Found a staircase to the Slime Pits.
 13818 | Lair:5   | 13818 ||| INVOKING Heroism.
 13889 | Lair:5   | 13889 ||| INVOKING Heroism.
 13918 | Lair:5   | 13918 ||| RETREEAATING.
 13920 | Lair:5   | 13920 ||| INVOKING Heroism.
 14071 | Lair:5   | 14071 ||| INVOKING Heroism.
 14104 | Lair:5   | 14104 ||| INVOKING Heroism.
 14107 | Lair:5   | Reached skill level 18 in Ranged Weapons
 14142 | Lair:5   | Gained mutation: Your large and strong wings let you fly.
                  | [Gargoyle growth]
 14142 | Lair:5   | Reached XP level 14. HP: 82/90 MP: 21/21
 14182 | Lair:5   | 14182 ||| RETREEAATING.
 14184 | Lair:5   | 14184 ||| Stepping ~*~*~tactically~*~*~ (retreating).
 14226 | Lair:5   | 14226 ||| INVOKING Heroism.
 14287 | Lair:5   | 14287 ||| INVOKING Heroism.
 14290 | Lair:5   | 14290 ||| RETREEAATING.
 14299 | Lair:5   | Reached skill level 12 in Fighting
 14518 | Lair:5   | 14518 ||| INVOKING Heroism.
 14590 | Lair:5   | 14590 ||| INVOKING Heroism.
 14675 | Lair:5   | 14675 ||| INVOKING Heroism.
 14710 | Lair:5   | 14710 ||| RETREEAATING.
 14712 | Lair:5   | 14712 ||| STILL RETREEAATING.
 14715 | Lair:5   | 14715 ||| STILL RETREEAATING.
 14716 | Lair:5   | 14716 ||| INVOKING Heroism.
 14717 | Lair:5   | 14717 ||| STILL RETREEAATING.
 14718 | Lair:5   | 14718 ||| Stepping ~*~*~tactically~*~*~ (retreating).
 14736 | Lair:5   | 14736 ||| INVOKING Heroism.
 15118 | Lair:5   | 15118 ||| PLANNING D:1-11
 15118 | Lair:5   | 15118 ||| DROPPING +0 ring mail.
 15119 | Lair:5   | 15119 ||| DROPPING +0 robe "Soorr" {rC+ MP+9}.
 15120 | Lair:5   | 15120 ||| UPGRADING to +2 robe of cold resistance.
 15130 | Lair:5   | 15130 ||| DROPPING +0 robe of willpower.
 15258 | D:10     | Entered Level 10 of the Dungeon
 15285 | D:10     | Found a radiant altar of Vehumet.
 15466 | D:10     | 15466 ||| Stepping randomly (disturbance).
 15467 | D:10     | 15467 ||| Stepping randomly (disturbance).
 15470 | D:10     | 15470 ||| Stepping randomly (disturbance).
 15627 | D:10     | Found a flagged portal.
 15742 | D:10     | 15742 ||| UPGRADING to +2 robe of resistance.
 15752 | D:10     | 15752 ||| DROPPING +2 robe of cold resistance.
 15857 | D:11     | 15857 ||| Stepping randomly (disturbance).
 15978 | D:11     | 15978 ||| INVOKING Heroism.
 16492 | D:11     | 16492 ||| PLANNING D
 16571 | D:12     | Noticed Sonja
 16572 | D:12     | 16572 ||| INVOKING Finesse.
 16575 | D:12     | 16575 ||| INVOKING Heroism.
 16578 | D:12     | 16578 ||| RETREEAATING.
 16579 | D:12     | 16579 ||| STILL RETREEAATING.
 16580 | D:12     | 16580 ||| STILL RETREEAATING.
 16583 | D:12     | 16583 ||| STILL RETREEAATING.
 16584 | D:12     | 16584 ||| STILL RETREEAATING.
 16585 | D:12     | 16585 ||| STILL RETREEAATING.
 16587 | D:12     | Killed Sonja
 16588 | D:12     | Reached skill level 6 in Armour
 16625 | D:12     | 16625 ||| INVOKING Heroism.
 16769 | D:12     | 16769 ||| INVOKING Heroism.
 17192 | D:12     | Found a staircase to the Orcish Mines.
 17195 | D:12     | 17195 ||| Stepping ~*~*~tactically~*~*~ (retreating).
 17235 | D:12     | 17235 ||| FLEEEEING.
 17236 | D:12     | 17236 ||| FLEEEEING.
 17237 | D:12     | 17237 ||| FLEEEEING.
 17242 | D:12     | 17242 ||| FLEEEEING.
 17243 | D:12     | 17243 ||| FLEEEEING.
 17245 | D:12     | 17245 ||| FLEEEEING.
 17246 | D:12     | 17246 ||| FLEEEEING.
 17247 | D:12     | 17247 ||| FLEEEEING.
 17304 | D:12     | 17304 ||| UPGRADING to +1 pair of gloves of hurling.
 17314 | D:12     | 17314 ||| DROPPING +0 pair of gloves.
 17315 | D:12     | 17315 ||| READING scroll labelled ZEOG YMIMOMIE.
 17355 | D:13     | 17355 ||| STAIRDANCE
 17383 | D:13     | 17383 ||| STAIRDANCE
 17388 | D:13     | 17388 ||| STAIRDANCE
 17398 | D:13     | 17398 ||| STAIRDANCE
 17437 | D:13     | 17437 ||| STAIRDANCE
 17523 | D:13     | Received a gift from Okawaru
 17535 | D:13     | Found Ilos's Weapon Boutique.
 17672 | D:13     | 17672 ||| RETREEAATING.
 17673 | D:13     | 17673 ||| STILL RETREEAATING.
 17674 | D:13     | 17674 ||| STILL RETREEAATING.
 17675 | D:13     | 17675 ||| STILL RETREEAATING.
 17676 | D:13     | 17676 ||| STILL RETREEAATING.
 17677 | D:13     | 17677 ||| STILL RETREEAATING.
 17678 | D:13     | 17678 ||| STILL RETREEAATING.
 17679 | D:13     | 17679 ||| STILL RETREEAATING.
 17680 | D:13     | 17680 ||| STILL RETREEAATING.
 17681 | D:13     | 17681 ||| STILL RETREEAATING.
 17682 | D:13     | 17682 ||| STILL RETREEAATING.
 17683 | D:13     | 17683 ||| STILL RETREEAATING.
 17684 | D:13     | 17684 ||| STILL RETREEAATING.
 17685 | D:13     | 17685 ||| STILL RETREEAATING.
 17686 | D:13     | 17686 ||| STILL RETREEAATING.
 17687 | D:13     | 17687 ||| STILL RETREEAATING.
 17688 | D:13     | 17688 ||| STILL RETREEAATING.
 17689 | D:13     | 17689 ||| STILL RETREEAATING.
 17690 | D:13     | 17690 ||| STILL RETREEAATING.
 17691 | D:13     | 17691 ||| STILL RETREEAATING.
 17692 | D:13     | 17692 ||| STILL RETREEAATING.
 17697 | D:13     | 17697 ||| Stepping ~*~*~tactically~*~*~ (retreating).
 17797 | D:13     | 17797 ||| INVOKING Heroism.
 17951 | D:13     | 17951 ||| INVOKING Heroism.
 18194 | D:13     | Reached XP level 15. HP: 92/100 MP: 22/22
 18458 | D:14     | 18458 ||| PLANNING GAUNTLET
 18464 | D:14     | Noticed Roxanne
 18465 | D:14     | 18465 ||| INVOKING Heroism.
 18466 | D:14     | 18466 ||| INVOKING Finesse.
 18484 | D:14     | Killed Roxanne
 18643 | D:14     | Noticed Rupert
 18644 | D:14     | 18644 ||| INVOKING Heroism.
 18657 | D:14     | Killed Rupert
 18658 | D:14     | Reached skill level 9 in Dodging
 18830 | D:14     | 18830 ||| INVOKING Heroism.
 18953 | D:14     | 18953 ||| FLEEEEING.
 18955 | D:14     | 18955 ||| FLEEEEING.
 18956 | D:14     | 18956 ||| FLEEEEING.
 18957 | D:14     | 18957 ||| FLEEEEING.
 18958 | D:14     | 18958 ||| FLEEEEING.
 18959 | D:14     | 18959 ||| FLEEEEING.
 18960 | D:14     | 18960 ||| FLEEEEING.
 18973 | D:14     | 18973 ||| RIP GAUNTLET
 19004 | D:14     | 19004 ||| PLANNING D
 19019 | D:14     | 19019 ||| INVOKING Heroism.
 19029 | D:14     | Noticed a fire giant
 19038 | D:14     | Killed a fire giant
 19140 | D:14     | 19140 ||| INVOKING Heroism.
 19152 | D:14     | Reached skill level 15 in Fighting
 19227 | D:14     | Identified the +0 cloak of Ravioli {rCorr Dex+3 Stlth+}
 19260 | D:14     | 19260 ||| Stepping ~*~*~tactically~*~*~ (retreating).
 19263 | D:14     | 19263 ||| Stepping ~*~*~tactically~*~*~ (retreating).
 19264 | D:14     | 19264 ||| Stepping ~*~*~tactically~*~*~ (retreating).
 19265 | D:14     | 19265 ||| Stepping ~*~*~tactically~*~*~ (retreating).
 19293 | D:14     | 19293 ||| INVOKING Heroism.
 19394 | D:14     | 19394 ||| INVOKING Heroism.
 19414 | D:14     | Found a gate to the Vaults.
 19514 | D:14     | Noticed a fire giant
 19517 | D:14     | 19517 ||| INVOKING Heroism.
 19522 | D:14     | Killed a fire giant
 20002 | D:14     | 20002 ||| FLEEEEING.
 20003 | D:14     | 20003 ||| FLEEEEING.
 20004 | D:14     | 20004 ||| FLEEEEING.
 20005 | D:14     | 20005 ||| FLEEEEING.
 20006 | D:14     | 20006 ||| FLEEEEING.
 20007 | D:14     | 20007 ||| FLEEEEING.
 20014 | D:14     | 20014 ||| STAIRDANCE
 20052 | D:13     | 20052 ||| UPGRADING to +0 cloak of Ravioli {rCorr Dex+3
                  | Stlth+}.
 20062 | D:13     | 20062 ||| DROPPING +1 cloak of willpower.
 20063 | D:13     | 20063 ||| UPGRADING to +4 ring of protection.
 20065 | D:13     | 20065 ||| DROPPING ring of protection from cold.
 20132 | D:15     | Entered Level 15 of the Dungeon
 20300 | D:15     | 20300 ||| RETREEAATING.
 20308 | D:15     | 20308 ||| INVOKING Heroism.
 20440 | D:15     | Found a frozen archway.
 20481 | D:15     | 20481 ||| RETREEAATING.
 20483 | D:15     | 20483 ||| RETREEAATING.
 20485 | D:15     | 20485 ||| Stepping ~*~*~tactically~*~*~ (retreating).
 20500 | D:15     | Received a gift from Okawaru
 20607 | D:15     | Identified the +1 robe "Xureonk" {Harm rPois Dex+2}
 20751 | D:15     | 20751 ||| Stepping ~*~*~tactically~*~*~ (retreating).
 20753 | D:15     | 20753 ||| RETREEAATING.
 20754 | D:15     | 20754 ||| Stepping ~*~*~tactically~*~*~ (retreating).
 20755 | D:15     | 20755 ||| INVOKING Heroism.
 20769 | D:15     | 20769 ||| Stepping ~*~*~tactically~*~*~ (retreating).
 20992 | D:15     | 20992 ||| RETREEAATING.
 20994 | D:15     | 20994 ||| INVOKING Heroism.
 20997 | D:15     | 20997 ||| READING 7 scrolls of teleportation.
 21035 | D:15     | 21035 ||| Stepping ~*~*~tactically~*~*~ (retreating).
 21036 | D:15     | 21036 ||| Stepping ~*~*~tactically~*~*~ (retreating).
 21037 | D:15     | 21037 ||| Stepping ~*~*~tactically~*~*~ (retreating).
 21043 | D:15     | 21043 ||| INVOKING Heroism.
 21044 | D:15     | 21044 ||| READING 6 scrolls of teleportation.
 21164 | D:15     | Found a staircase to the Depths.
 21220 | D:15     | 21220 ||| PLANNING ORC
 21220 | D:15     | 21220 ||| DROPPING ring of resist corrosion.
 21305 | Orc:1    | Entered Level 1 of the Orcish Mines
 21382 | Orc:1    | Noticed Harold
 21399 | Orc:1    | Killed Harold
 21403 | Orc:1    | 21403 ||| FLEEEEING.
 21407 | Orc:1    | 21407 ||| FLEEEEING.
 21408 | Orc:1    | 21408 ||| FLEEEEING.
 21409 | Orc:1    | 21409 ||| FLEEEEING.
 21410 | Orc:1    | 21410 ||| FLEEEEING.
 21411 | Orc:1    | 21411 ||| FLEEEEING.
 21412 | Orc:1    | 21412 ||| FLEEEEING.
 21413 | Orc:1    | 21413 ||| FLEEEEING.
 21414 | Orc:1    | 21414 ||| DRINKING 8 potions of curing.
 21414 | Orc:1    | 21414 ||| (to cure confusion)
 21418 | Orc:1    | 21418 ||| FLEEEEING.
 21419 | Orc:1    | 21419 ||| STAIRDANCE
 21523 | Orc:1    | 21523 ||| STAIRDANCE
 21523 | Orc:1    | Noticed Erolcha
 21548 | Orc:1    | 21548 ||| STAIRDANCE
 21553 | Orc:1    | 21553 ||| STAIRDANCE
 21574 | Orc:1    | 21574 ||| STAIRDANCE
 21592 | Orc:1    | Killed Erolcha
 21593 | Orc:1    | Reached XP level 16. HP: 111/111 MP: 23/23
 21634 | Orc:1    | 21634 ||| INVOKING Heroism.
 21645 | Orc:1    | 21645 ||| DRINKING 7 potions of curing.
 21645 | Orc:1    | 21645 ||| (to cure confusion)
 21655 | Orc:1    | 21655 ||| Stepping randomly (disturbance).
 21656 | Orc:1    | 21656 ||| Stepping randomly (disturbance).
 21926 | Orc:2    | Entered Level 2 of the Orcish Mines
 21927 | Orc:2    | 21927 ||| STAIRDANCE
 21934 | Orc:2    | 21934 ||| STAIRDANCE
 21953 | Orc:2    | 21953 ||| INVOKING Heroism.
 21984 | Orc:2    | Found a staircase to the Elven Halls.
 22026 | Orc:2    | Noticed Azrael
 22027 | Orc:2    | 22027 ||| INVOKING Heroism.
 22042 | Orc:2    | Killed Azrael
 22043 | Orc:2    | HP: 26/112 [orc priest/divine providence (12)]
 22044 | Orc:2    | 22044 ||| READING 5 scrolls of teleportation.
 22044 | Orc:2    | HP: 7/112 [orc high priest/divine providence (15)]
 22045 | Orc:2    | 22045 ||| DRINKING potion of heal wounds.
 22048 | Orc:2    | 22048 ||| READING 4 scrolls of teleportation.
 22049 | Orc:2    | HP: 8/112 [orc priest/divine providence (8)]
 22084 | Orc:2    | 22084 ||| READING 3 scrolls of teleportation.
 22089 | Orc:2    | 22089 ||| READING 2 scrolls of teleportation.
 22094 | Orc:2    | 22094 ||| READING scroll of teleportation.
 22095 | Orc:2    | 22095 ||| INVOKING Heroism.
 22116 | Orc:2    | HP: 21/112 [orc priest/divine providence (13)]
 22117 | Orc:2    | HP: 9/112 [orc priest/divine providence (12)]
 22140 | Orc:2    | 22140 ||| INVOKING Heroism.
 22181 | Orc:2    | 22181 ||| INVOKING Heroism.
 22227 | Orc:2    | 22227 ||| INVOKING Heroism.
 22273 | Orc:2    | 22273 ||| INVOKING Heroism.
 22299 | Orc:2    | 22299 ||| INVOKING Heroism.
 22357 | Orc:2    | 22357 ||| INVOKING Heroism.
 22524 | Orc:2    | 22524 ||| INVOKING Heroism.
 22527 | Orc:2    | 22527 ||| RETREEAATING.
 22534 | Orc:2    | 22534 ||| Stepping ~*~*~tactically~*~*~ (retreating).
 22536 | Orc:2    | 22536 ||| RETREEAATING.
 22633 | Orc:2    | 22633 ||| FLEEEEING.
 22634 | Orc:2    | 22634 ||| FLEEEEING.
 22644 | Orc:2    | 22644 ||| STAIRDANCE
 22706 | Orc:1    | 22706 ||| DROPPING +1 leather armour of fire resistance.
 22707 | Orc:1    | 22707 ||| DROPPING +1 robe "Xureonk" {Harm rPois Dex+2}.
 22740 | Orc:2    | 22740 ||| INVOKING Heroism.
 22949 | Orc:2    | Found Kyxinunifi's Weapon Boutique.
 22949 | Orc:2    | Found Fiom's Assorted Antiques.
 22950 | Orc:2    | Found Simemoyska's Distillery.
 22954 | Orc:2    | Found Garausom's Weapon Shop.
 22958 | Orc:2    | 22958 ||| BUYING scroll labelled HUMMO HOMIYT (32 gold).
 22958 | Orc:2    | Bought a scroll labelled HUMMO HOMIYT for 32 gold pieces
 22958 | Orc:2    | 22958 ||| BUYING scroll labelled ZOBLUS DESS (32 gold).
 22958 | Orc:2    | Bought a scroll labelled ZOBLUS DESS for 32 gold pieces
 22958 | Orc:2    | 22958 ||| BUYING scroll of identify (64 gold).
 22958 | Orc:2    | Bought a scroll of identify for 64 gold pieces
 22959 | Orc:2    | 22959 ||| BUYING 2 potions of cancellation (208 gold).
 22959 | Orc:2    | Bought 2 potions of cancellation for 208 gold pieces
 22959 | Orc:2    | 22959 ||| BUYING potion of enlightenment (65 gold).
 22959 | Orc:2    | Bought a potion of enlightenment for 65 gold pieces
 22959 | Orc:2    | 22959 ||| BUYING potion of heal wounds (65 gold).
 22959 | Orc:2    | Bought a potion of heal wounds for 65 gold pieces
 22959 | Orc:2    | 22959 ||| BUYING potion of mutation (104 gold).
 22959 | Orc:2    | Bought a potion of mutation for 104 gold pieces
 22959 | Orc:2    | 22959 ||| BUYING potion of mutation (104 gold).
 22959 | Orc:2    | Bought a potion of mutation for 104 gold pieces
 22960 | Orc:2    | 22960 ||| BUYING +5 longbow of the Puffball {flame, rN+
                  | Str+2} (729 gold).
 22960 | Orc:2    | Bought the +5 longbow of the Puffball {flame, rN+ Str+2}
                  | for 729 gold pieces
 22960 | Orc:2    | 22960 ||| SWAPPING to +5 longbow of the Puffball {flame,
                  | rN+ Str+2}.
 22961 | Orc:2    | 22961 ||| DROPPING +2 orcbow of freezing.
 22962 | Orc:2    | 22962 ||| DROPPING +0 arbalest of draining.
 23108 | Orc:2    | 23108 ||| PLANNING SNAKE:1-3
 23108 | Orc:2    | 23108 ||| READING scroll labelled HUMMO HOMIYT.
 23109 | Orc:2    | 23109 ||| READING scroll labelled ZOBLUS DESS.
 23305 | Snake:1  | Entered Level 1 of the Snake Pit
 23402 | Snake:1  | Found a transporter.
 23405 | Snake:1  | Found a transporter.
 23555 | Snake:1  | Found Huzeghem's Weapon Emporium.
 23558 | Snake:1  | Found Pykloul's Jewellery Shoppe.
 23560 | Snake:1  | Found Seff's Magic Scroll Emporium.
 23568 | Snake:1  | 23568 ||| BUYING scroll of acquirement (676 gold).
 23568 | Snake:1  | Bought a scroll of acquirement for 676 gold pieces
 23568 | Snake:1  | 23568 ||| BUYING scroll of enchant weapon (97 gold).
 23568 | Snake:1  | Bought a scroll of enchant weapon for 97 gold pieces
 23568 | Snake:1  | 23568 ||| BUYING scroll of enchant weapon (97 gold).
 23568 | Snake:1  | Bought a scroll of enchant weapon for 97 gold pieces
 23568 | Snake:1  | 23568 ||| READING scroll of acquirement.
 23568 | Snake:1  | 23568 ||| ACQUIRING +1 helmet of Moemonk {Contam rPois rC+
                  | rN++}
 23568 | Snake:1  | Acquired the +1 helmet of Moemonk {Contam rPois rC+ rN++}
 23570 | Snake:1  | 23570 ||| UPGRADING to +1 helmet of Moemonk {Contam rPois
                  | rC+ rN++}.
 23580 | Snake:1  | 23580 ||| DROPPING +0 helmet.
 23701 | Snake:1  | Found a transporter.
 23706 | Snake:1  | Found a transporter.
 23714 | Snake:1  | 23714 ||| INVOKING Heroism.
 23809 | Snake:1  | 23809 ||| RETREEAATING.
 23811 | Snake:1  | 23811 ||| RETREEAATING.
 23813 | Snake:1  | 23813 ||| Stepping ~*~*~tactically~*~*~ (retreating).
 24056 | Snake:1  | Found a transporter.
 24059 | Snake:1  | Found a transporter.
 24513 | Snake:1  | 24513 ||| DROPPING ring of ice.
 24514 | Snake:1  | 24514 ||| READING scroll labelled AGEL UKHURA.
 24586 | Snake:2  | 24586 ||| INVOKING Heroism.
 24661 | Snake:2  | 24661 ||| READING scroll of enchant armour.
 24661 | Snake:2  | 24661 ||| ENCHANTING +1 pair of gloves of hurling.
 24674 | Snake:2  | 24674 ||| RETREEAATING.
 24682 | Snake:2  | Reached skill level 19 in Ranged Weapons
 24684 | Snake:2  | 24684 ||| INVOKING Heroism.
 24971 | Snake:2  | Received a gift from Okawaru
 25140 | Snake:2  | 25140 ||| INVOKING Heroism.
 25701 | Snake:3  | 25701 ||| STAIRDANCE
 25749 | Snake:3  | 25749 ||| STAIRDANCE
 25759 | Snake:3  | 25759 ||| RETREEAATING.
 25760 | Snake:3  | 25760 ||| STILL RETREEAATING.
 25761 | Snake:3  | 25761 ||| STILL RETREEAATING.
 25762 | Snake:3  | 25762 ||| Stepping ~*~*~tactically~*~*~ (retreating).
 25763 | Snake:3  | 25763 ||| STAIRDANCE
 25768 | Snake:2  | 25768 ||| INVOKING Heroism.
 25891 | Snake:3  | 25891 ||| STAIRDANCE
 25921 | Snake:3  | 25921 ||| RETREEAATING.
 25922 | Snake:3  | 25922 ||| Stepping ~*~*~tactically~*~*~ (retreating).
 25925 | Snake:3  | 25925 ||| STAIRDANCE
 25946 | Snake:3  | Noticed Vashnia
 25947 | Snake:3  | 25947 ||| INVOKING Heroism.
 25948 | Snake:3  | 25948 ||| STAIRDANCE
 25965 | Snake:3  | Reached skill level 20 in Ranged Weapons
 25969 | Snake:3  | 25969 ||| RETREEAATING.
 25970 | Snake:3  | 25970 ||| STILL RETREEAATING.
 25971 | Snake:3  | 25971 ||| Stepping ~*~*~tactically~*~*~ (retreating).
 25972 | Snake:3  | 25972 ||| INVOKING Finesse.
 25975 | Snake:3  | 25975 ||| STILL RETREEAATING.
 26018 | Snake:3  | Killed Vashnia
 26019 | Snake:3  | Reached XP level 17. HP: 116/117 MP: 21/24
 26091 | Snake:3  | Found Ebaosuym's Weapon Boutique.
 26092 | Snake:3  | 26092 ||| INVOKING Heroism.
 26098 | Snake:3  | 26098 ||| RETREEAATING.
 26102 | Snake:3  | 26102 ||| STILL RETREEAATING.
 26103 | Snake:3  | 26103 ||| STILL RETREEAATING.
 26104 | Snake:3  | 26104 ||| STILL RETREEAATING.
 26105 | Snake:3  | 26105 ||| STILL RETREEAATING.
 26207 | Snake:3  | 26207 ||| FLEEEEING.
 26208 | Snake:3  | 26208 ||| FLEEEEING.
 26209 | Snake:3  | 26209 ||| FLEEEEING.
 26210 | Snake:3  | 26210 ||| FLEEEEING.
 26211 | Snake:3  | 26211 ||| FLEEEEING.
 26212 | Snake:3  | 26212 ||| FLEEEEING.
 26213 | Snake:3  | 26213 ||| FLEEEEING.
 26228 | Snake:3  | 26228 ||| FLEEEEING.
 26229 | Snake:3  | 26229 ||| FLEEEEING.
 26230 | Snake:3  | 26230 ||| FLEEEEING.
 26275 | Snake:3  | 26275 ||| RETREEAATING.
 26276 | Snake:3  | 26276 ||| STILL RETREEAATING.
 26283 | Snake:3  | 26283 ||| INVOKING Heroism.
 26287 | Snake:3  | 26287 ||| Stepping ~*~*~tactically~*~*~ (retreating).
 26288 | Snake:3  | 26288 ||| Stepping ~*~*~tactically~*~*~ (retreating).
 26288 | Snake:3  | HP: 25/118 [naga warrior/+0 war axe (11)]
 26289 | Snake:3  | 26289 ||| DRINKING potion of heal wounds.
 26292 | Snake:3  | 26292 ||| Stepping ~*~*~tactically~*~*~ (retreating).
 26298 | Snake:3  | Received a gift from Okawaru
 26298 | Snake:3  | HP: 26/118 [naga warrior/+0 war axe (19)]
 26300 | Snake:3  | HP: 5/118 [guardian serpent (17)]
 26300 | Snake:3  | HP: 1/118 [constriction (3)]
 26301 | Snake:3  | Mangled by a naga warrior

Levels and vault maps discovered:
D:1:      dpeg_arrival_radiant, layout_loops_corners
D:2:      layout_basic, dk_noncrumbling_4
D:3:      layout_rooms, nicolae_uskayaw_dance_hall, nicolae_eternal_life,
          uniq_ijyb
D:4:      layout_gridville, mainiacjoe_overflow_six_doors_small,
          minmay_temple_entry_large_hall, chequers_serial_rivers_micro_a
D:5:      layout_gridville, uniq_pikel, uniq_duvessa, uniq_grinder
D:6:      layout_gridville, mainiacjoe_overflow_tiny_flanked,
          grunt_temple_overflow_open, uniq_jeremiah
D:7:      layout_basic
D:8:      layout_loops_ring, overflow_temple_1_default,
          kennysheep_opposing_triangles
D:9:      layout_basic, lemuel_tele_altar, lair_entry_dummy, grunt_ministairs_5
D:10:     layout_cave_pools, marbit_many_paths, serial_rivers,
          chequers_serial_rivers_small_a, chequers_serial_rivers_micro_b,
          chequers_serial_rivers_micro_b, chequers_serial_rivers_micro_e,
          enter_bailey_2
D:11:     layout_gridville
D:12:     layout_rooms, david_orc_5, grunt_decor_one_mirror,
          minmay_fractal_squares_gapless_7, uniq_sonja
D:13:     layout_cave_pods, serial_shops, shop_statue
D:14:     minmay_chopped_fan, layout_grid_maze,
          skrybe_vaults_entry_preservation, kennysheep_boxes,
          gauntlet_entry_generic, grunt_ogre_cave, uniq_rupert, uniq_roxanne
D:15:     gammafunk_enter_depths_forms, layout_basic,
          portal_ice_cave_entry_ice_simulacra, chequers_mini_garden
Temple:   eino_temple_water
Lair:1:   beast_lair_carwin_large_1, layout_gridlike, grunt_megastairs_2
Lair:2:   layout_gridlike, nicolae_swamp_entry_spooky,
          grunt_forest_small_clearing_treed
Lair:3:   layout_cave_pods, minmay_snake_entry_guardpost_small,
          infiniplex_staircase_pool, serial_bayou_shore_a, uniq_kirke
Lair:4:   layout_regular_city
Lair:5:   minmay_lair_end_enchanted_forest, layout_hall_layers, slime_entry_1,
          nicolae_lair_liquid_snakes
Snake:1:  layout_chambers, serial_nicolae_subway, nicolae_sub_station_metal,
          nicolae_sub_station_stone, nicolae_sub_station_crystal,
          minmay_shop_star
Snake:2:  layout_cave_pods, nicolae_snake_gridmaze_entwining, minmay_snake_pond,
          uniq_donald
Snake:3:  layout_cave_shapes, grunt_ministairs_3,
          nicolae_snake_slithery_hallway, nicolae_stop_n_shop_1,
          corexii_hall_statues_i, st_stairs_14, drop_trap, uniq_vashnia
Orc:1:    layout_caves, uniq_erolcha, uniq_harold
Orc:2:    st_orc_mages, layout_caves, uniq_azrael

Skill      XL: |  1  2  3  4  5  6  7  8  9 10 11 12 13 14 15 16 17 |
---------------+----------------------------------------------------+-----
Ranged Weapons | 5 6 7 9 11 13 14 16 18 20 | 20.0
Fighting       | 3 4 5 6 8 9 10 11 14 16 17 | 17.6
Armour         | 1 2 3 4 6 7 8 |  8.0
Dodging        | 2 3 4 5 6 8 10 11 | 11.0
Invocations    | 3 4 5 9 10 | 10.0
Stealth        | |  1.1

Action                     |  1- 3 |  4- 6 |  7- 9 | 10-12 | 13-15 | 16-18 || total
---------------------------+-------+-------+-------+-------+-------+-------++-------
   Fire: Shortbow          |    78 |   109 |       |       |       |       ||   187
         Arbalest          |       |    52 |   222 |   600 |  1301 |   227 ||  2402
         Longbow           |       |       |       |       |       |   417 ||   417
 Invoke: Heroism           |       |       |     8 |    28 |    42 |    20 ||    98
         Finesse           |       |       |       |     3 |     2 |     1 ||     6
    Use: Scroll            |     4 |     5 |     2 |    10 |     4 |    10 ||    35
         Potion            |     3 |     2 |       |     2 |     2 |     3 ||    12
 Armour: Leather armour    |    15 |     9 |       |       |       |       ||    24
         Robe              |       |    56 |   124 |   241 |   456 |   157 ||  1034
  Dodge: Dodged            |    16 |    64 |   110 |   372 |   921 |   332 ||  1815

Table legend:
 A = Non-vault XP
 B = Vault XP
 C = Vault XP percentage of total XP
 D = Non-vault monster count
 E = Vault monster count
 F = Vault count percentage of total count
                 A         B        C        D         E       F
            +---------+---------+-------+---------+---------+-------
      Total |  121517 |   71329 |  37.0 |     558 |     233 |  29.5
            +---------+---------+-------+---------+---------+-------
        D:1 |      24 |       0 |   0.0 |      14 |       0 |   0.0
        D:2 |      84 |       0 |   0.0 |      19 |       0 |   0.0
        D:3 |     118 |      38 |  24.4 |      16 |       1 |   5.9
        D:4 |     153 |       0 |   0.0 |      17 |       0 |   0.0
        D:5 |    1045 |    1079 |  50.8 |      34 |       4 |  10.5
        D:6 |     753 |     406 |  35.0 |      21 |       1 |   4.5
        D:7 |    1495 |       0 |   0.0 |      18 |       0 |   0.0
        D:8 |    1394 |     151 |   9.8 |      24 |       3 |  11.1
        D:9 |    5983 |    2755 |  31.5 |      42 |      15 |  26.3
       D:10 |    3292 |      61 |   1.8 |      23 |       1 |   4.2
       D:11 |    1653 |       0 |   0.0 |       9 |       0 |   0.0
       D:12 |    5211 |    3445 |  39.8 |      29 |      29 |  50.0
       D:13 |    7693 |       0 |   0.0 |      23 |       0 |   0.0
       D:14 |    6885 |   17746 |  72.0 |      15 |      24 |  61.5
       D:15 |    7720 |    7401 |  48.9 |      14 |      15 |  51.7
     Lair:1 |    3846 |    2238 |  36.8 |      15 |       9 |  37.5
     Lair:2 |    4458 |    2959 |  39.9 |      17 |       5 |  22.7
     Lair:3 |    3863 |    1242 |  24.3 |      15 |       7 |  31.8
     Lair:4 |    3633 |       0 |   0.0 |      11 |       0 |   0.0
     Lair:5 |   17734 |   10868 |  38.0 |      59 |      53 |  47.3
    Snake:1 |   11186 |       0 |   0.0 |      21 |       0 |   0.0
    Snake:2 |   17399 |    3598 |  17.1 |      31 |       6 |  16.2
    Snake:3 |   11873 |    7789 |  39.6 |      23 |       9 |  28.1
      Orc:1 |    1567 |    1749 |  52.7 |      32 |       2 |   5.9
      Orc:2 |    2455 |    7804 |  76.1 |      16 |      49 |  75.4
            +---------+---------+-------+---------+---------+-------
